 Seeded DCSS version 0.30-a0-1074-g5db6f66fbb (webtiles) character file.

Game seed: 17956807148383727684 (custom seed)

102413 bmack86 the Severer (level 15, -5/138 HPs)
             Began as a Minotaur Fighter on Apr 13, 2023.
             Was the Champion of Okawaru.
             Slain by Kirke (10 damage)
             ... on level 14 of the Dungeon.
             The game lasted 01:20:09 (21188 turns).

bmack86 the Severer (Minotaur Fighter)             Turns: 21188, Time: 01:20:10

Health: -5/138     AC:  0    Str: 26    XL:     15   Next: 86%
Magic:  22/22      EV: 13    Int:  5    God:    Okawaru [******]
Gold:   1771       SH:  0    Dex: 12    Spells: 14/14 levels left

rFire   . . .      SeeInvis .    o - melded +3 broad axe (heavy)
rCold   . . .      Faith    .    d - melded +2 kite shield
rNeg    . . .      Spirit   .    G - melded +6 scale mail "Wugohos" {rF+ rC- Regen+}
rPois   .          Reflect  .    L - melded +0 hat of Modesty {rF+ rC+ Regen+}
rElec   .          Rampage  .    k - melded +2 cloak
rCorr   .                        e - melded +1 pair of gloves of the Serpent {rPois}
Will    +....                    m - melded +2 pair of boots
Stlth   ++                       F - amulet of regeneration
HPRegen 1.23/turn                M - melded +4 ring of protection
MPRegen 0.18/turn                B - melded ring of flight

@: lethally poisoned (-5 -> -6), pig-form, very quick
A: fast, no casting, small, (horns 2), (retaliatory headbutt), thin skeletal
structure 1, (deformed body), weak 1
a: Renounce Religion, Heroism, Finesse, Duel


You were on level 14 of the Dungeon.
You worshipped Okawaru.
Okawaru was exalted by your worship.
You were a filthy swine.
You visited 5 branches of the dungeon, and saw 23 of its levels.
You visited the Abyss 1 time.
You also visited: Ossuary and Bailey.

You collected 2779 gold pieces.
You spent 1008 gold pieces at shops.

Inventory:

Hand Weapons
 a - a +1 war axe of draining
 o - a +3 heavy broad axe (melded)
 Q - a +0 battleaxe of flaming
Missiles
 t - 27 poisoned darts
 z - 2 silver boomerangs (quivered)
 C - 9 curare-tipped darts
 W - a throwing net
 X - 14 boomerangs
Armour
 d - a +2 kite shield (melded)
 e - the +1 pair of gloves of the Serpent (melded) {rPois}
   (You bought it in a shop on level 2 of the Orcish Mines)

   rPois:     It protects you from poison.
 k - a +2 cloak (melded)
 m - a +2 pair of boots (melded)
 p - a +3 plate armour
 G - the +6 scale mail "Wugohos" (melded) {rF+ rC- Regen+}
   (You found it in a bailey)

   rF:        It protects you from fire.
   rC:        It makes you vulnerable to cold.
   Regen:     It increases your rate of health regeneration.
 I - the +6 scale mail "Jeijaus" {rF+ rN++ Int+3 Slay+2}
   (You found it on level 8 of the Dungeon)

   Int:       It affects your intelligence (+3).
   Slay:      It affects your accuracy & damage with ranged weapons and melee
   (+2).
   rF:        It protects you from fire.
   rN:        It greatly protects you from negative energy.
 L - the +0 hat of Modesty (melded) {rF+ rC+ Regen+}
   (You found it on level 3 of the Lair of Beasts)

   rF:        It protects you from fire.
   rC:        It protects you from cold.
   Regen:     It increases your rate of health regeneration.
 O - the +0 pair of gloves of the Stag {Drain rPois Int+3 Stlth+}
   (Okawaru gifted it to you on level 5 of the Lair of Beasts)

   Int:       It affects your intelligence (+3).
   rPois:     It protects you from poison.
   Drain:     It drains your maximum health when unequipped.
   Stlth:     It makes you more stealthy.
Jewellery
 c - a ring of protection from cold
 h - a ring of protection from fire
 v - an amulet of reflection
 B - a ring of flight (melded)
 F - an amulet of regeneration (around neck)
 M - a +4 ring of protection (melded)
 U - a ring of protection from fire
Wands
 s - a wand of acid (17)
 A - a wand of polymorph (19)
 D - a wand of iceblast (15)
 J - a wand of flame (30)
 K - a wand of mindburst (18)
Scrolls
 r - 9 scrolls of teleportation
 E - 3 scrolls of fear
 H - 2 scrolls of blinking
 R - 4 scrolls of fog
 Y - a scroll of magic mapping
Potions
 b - a potion of flight
 f - 4 potions of haste
 g - 5 potions of brilliance
 i - 15 potions of curing
 j - a potion of cancellation
 l - 3 potions of magic
 n - 2 potions of might
 q - 2 potions of ambrosia
 u - 3 potions of invisibility
 w - 11 potions of heal wounds
 S - a potion of berserk rage
 T - 4 potions of resistance


   Skills:
 + Level 14.2 Fighting
 - Level 18.0 Axes
 - Level 10.0 Throwing
 + Level 14.3 Armour
 + Level 14.3 Shields
 + Level 11.3 Invocations


You had 14 spell levels left.
You didn't know any spells.
Your spell library contained the following spells:

 Spells                   Type           Power      Damage    Failure   Level
 Kiss of Death            Conj/Necr      0%         2d5       47%         1
 Cigotuvi's Dreadful Rot  Necr/Pois/Air  0%         N/A       63%         2
 Lesser Beckoning         Tloc           0%         N/A       63%         2
 Confusing Touch          Hex            0%         N/A       85%         3
 Gell's Gravitas          Tloc           0%         N/A       85%         3
 Ignite Poison            Fire/Tmut/Pois 0%         N/A       85%         3
 Ozocubu's Armour         Ice            0%         N/A       85%         3
 Portal Projectile        Hex/Tloc       0%         N/A       85%         3
 Teleport Other           Tloc           0%         N/A       85%         3
 Dispel Undead            Necr           0%         3d6       99%         4
 Manifold Assault         Tloc           0%         N/A       99%         4
 Sticky Flame             Conj/Fire      0%         2d3       99%         4
 Alistair's Intoxication  Tmut/Pois      0%         N/A       100%        5
 Blade Hands              Tmut           0%         N/A       100%        5
 Borgnjor's Vile Clutch   Necr/Erth      0%         N/A       100%        5
 Dispersal                Tloc           0%         N/A       100%        6
 Eringya's Noxious Bog    Tmut/Pois      0%         N/A       100%        6
 Iron Shot                Conj/Erth      0%         9d1       100%        6
 Ozocubu's Refrigeration  Ice            0%         4d7       100%        7
 Disjunction              Tloc           0%         N/A       100%        8
 Ignition                 Fire           0%         3d3       100%        8
 Tukima's Dance           Hex            Unusable   N/A       N/A         3
 Animate Armour           Summ/Erth      Unusable   N/A       N/A         4
 Death Channel            Necr           Unusable   N/A       N/A         6

Dungeon Overview and Level Annotations

Branches:
Dungeon (14/15)            Temple (1/1) D:4            Lair (5/5) D:10
 Shoals (0/4) Lair:2        Snake (1/4) Lair:2        Slime (0/5) Lair:4
    Orc (2/2) D:9             Elf (0/3) Orc:2        Vaults (0/5) D:13
Ossuary (visited)          Bailey (visited)

Altars:
Ashenzari
Cheibriados
Dithmenos
Elyvilon
Fedhas
Gozag
Hepliaklqana
Kikubaaqudgha
Makhleb
Nemelex Xobeh
Okawaru
Qazlal
Ru
Sif Muna
Trog
Uskayaw
Vehumet
Wu Jian
Xom
Yredelemnul
Zin
The Shining One

Shops:
D:6 !   D:8 *   D:11 *   D:12 :[!!   Orc:1 [   Orc:2 =*:![

Portals:
Pandemonium: Orc:2
Trove: D:12 (give +3 gold dragon scales)

Annotations:
D:14 Kirke, Nessos
Snake:1 Roxanne


Innate Abilities, Weirdness & Mutations

You are a filthy swine.
You move quickly.
Your equipment is almost entirely melded.
You are incapable of wielding weapons or throwing items.
You cannot cast spells.
((You have a pair of horns on your head.))
((You reflexively headbutt those who attack you in melee.))
You have a somewhat thin skeletal structure. (Dex +2, Stealth+)
((Armour fits poorly on your strangely shaped body.))
You are weak. (Str -2)


Message History

Kirke barely misses you. You furiously retaliate!
You headbutt Kirke! The hog bites you but does no damage.
The hog completely misses you.
You slash Kirke! You headbutt Kirke.
Kirke is heavily wounded.
You slash the hog! You hit the hog.
You feel very sick.
Nessos casts a spell.
Nessos blinks!
Nessos mumbles some strange words.
Nessos blinks!
You block the hog's attack. Kirke casts a spell at you.
You turn into a filthy swine.
Your +3 heavy broad axe melds into your body.
Your +2 cloak melds into your body.
The +0 hat of Modesty {rF+ rC+ Regen+} melds into your body.
The +1 pair of gloves of the Serpent {rPois} melds into your body.
Your +2 pair of boots melds into your body.
Your +2 kite shield melds into your body.
The +6 scale mail "Wugohos" {rF+ rC- Regen+} melds into your body.
Your +4 ring of protection melds into your body.
Your ring of flight melds into your body.
You float gracefully downwards.
The hog closely misses you.
Nessos mumbles some strange words.
Nessos blinks!
The hog bites you!
* * * LOW HITPOINT WARNING * * *
Kirke barely misses you.
You barely miss Kirke.
Kirke is heavily wounded.
You feel very sick. The hog bites you.
* * * LOW HITPOINT WARNING * * *
The hog closely misses you.
Unknown command.
Unknown command.
You hit Kirke but do no damage.
Kirke is heavily wounded.
You feel sick. The hog bites you.
* * * LOW HITPOINT WARNING * * *
Kirke hits you!
You die...

#....[##....#
#<....##....##
#............#
#...<........#
#...######..##
#...# ##..#
#.... #...#
#.....
#...##########
#...##.
#..§..h@c.....
#.
#..###hh§.../.
##.. #........
.....§.......
#.............
##..##..##..##
#####..# ###
....


You could see Kirke, Nessos (fast) and 2 hogs.

Vanquished Creatures
  Rupert (D:13)
  2 tentacled starspawn (Abyss:1)
  A balrug (Abyss:1)
  A fire giant (D:13)
  A deep elf elementalist (Arena)
  An ironbound preserver (D:13)
  An orc warlord (Orc:2)
  Azrael (D:12)
  A fire dragon (Lair:5)
  Josephine (Arena)
  4 hydras
  A demonspawn (Orc:2)
  3 centaur warriors
  A catoblepas (Lair:5)
  3 boulder beetles
  A two-headed ogre (D:6)
  2 tengu warriors (D:13)
  5 death yaks (Lair:1)
  8 orc high priests
  10 sun demons
  A wretched star (Abyss:1)
  2 skysharks
  A sixfirhy (D:13)
  A swamp dragon (Lair:5)
  7 orc knights
  A necromancer (D:9)
  An oklob plant (Lair:3)
  2 lindwurms (Lair:3)
  3 deep elf pyromancers
  2 cyclopes
  An ugly thing (D:11)
  7 orc sorcerers (Orc:2)
  A worldbinder (Abyss:1)
  A wolf spider (Lair:3)
  A manticore (Lair:2)
  Joseph (D:10)
  5 rust devils
  2 smoke demons (D:13)
  5 black mambas
  An elephant (Lair:5)
  An orange demon (D:13)
  7 centaur skeletons (D:10)
  2 cane toads (shapeshifter)
  11 cane toads
  A gargoyle (D:11)
  3 ice devils (D:13)
  7 komodo dragons
  4 rime drakes
  2 efreet (D:13)
  A tormentor (Abyss:1)
  2 ancient zymes (Abyss:1)
  2 red devils (D:13)
  A hornet (D:8)
  2 hellwings
  10 polar bears (Lair:5)
  8 trolls
  A wind drake (Lair:2)
  2 raiju (Abyss:1)
  A tarantella (Lair:3)
  16 blink frogs
  2 jumping spiders (Lair:3)
  2 slime creatures (D:13)
  4 flying skulls
  2 ynoxinuls
  2 wyverns (Lair:4)
  6 shadows
  8 basilisks
  4 wraiths
  3 fire elementals (D:12)
  14 yaks
  2 neqoxecs
  A hog (D:14)
  A redback (Lair:3)
  A redback (shapeshifter) (D:13)
  2 vampire mosquitoes (D:13)
  4 chaos spawn
  7 wargs
  5 large abominations (Abyss:1)
  3 acid dragons (Lair:5)
  2 nagas (Lair:2)
  19 water moccasins
  3 small abominations (Abyss:1)
  19 hell hounds
  54 orc warriors
  2 swamp drakes (Lair:5)
  16 black bears
  An ice beast (D:5)
  A sky beast (D:8)
  4 ogres
  4 centaurs
  30 wolves
  2 phantoms
  2 kobold brigands
  17 bullfrogs
  3 gnoll sergeants
  10 scorpions
  18 wights
  4 killer bees
  An electric eel (Lair:4)
  2 howler monkeys (D:9)
  10 centaur zombies
  3 lava snakes (Lair:3)
  4 crimson imps (D:7)
  14 jellies
  A hound (D:6)
  30 orc priests
  3 human zombies (Ossuary)
  2 gnoll boudas
  8 starcursed masses (Abyss:1)
  9 iguanas
  Natasha (thrice) (D:4)
  23 orc wizards
  4 scorpion zombies (Ossuary)
  3 mummies (Ossuary)
  10 adders
  24 gnolls
  A river rat (Lair:2)
  A shadow imp (D:8)
  3 white imps
  2 ufetubi
  A worm (D:2)
  95 orcs
  5 bats
  8 endoplasms
  2 giant cockroaches
  3 gnoll zombies
  14 goblins
  13 hobgoblins
  7 jackals (D:1)
  17 kobolds
  A quokka (D:4)
  6 ball pythons
  2 frilled lizards (D:2)
  A goblin zombie (D:8)
  4 hobgoblin zombies (Ossuary)
  A kobold zombie (Ossuary)
  3 orc zombies
  7 rats
  3 bushes
  2 starspawn tentacles (Abyss:1)
819 creatures vanquished.

Vanquished Creatures (others)
  A centaur zombie (D:10)
  8 demonic plants (D:13)
  20 fungi
  129 plants
  3 starspawn tentacles (Abyss:1)
161 creatures vanquished.

Grand Total: 980 creatures vanquished

Notes
Turn   | Place    | Note
-------+----------+-------------------------------------------
     0 | D:1      | bmack86 the Minotaur Fighter began the quest for the Orb.
     0 | D:1      | Reached XP level 1. HP: 19/19 MP: 0/0
    49 | D:1      | Found a faded altar of an unknown god.
   232 | D:1      | Reached XP level 2. HP: 27/27 MP: 1/1
   308 | D:1      | Reached skill level 3 in Axes
   642 | D:1      | Reached XP level 3. HP: 29/33 MP: 2/2
  1007 | D:2      | Reached XP level 4. HP: 40/40 MP: 3/3
  1464 | D:3      | Reached skill level 4 in Axes
  1860 | D:3      | Noticed a gnoll sergeant
  1889 | D:3      | Killed a gnoll sergeant
  1890 | D:3      | Reached skill level 1 in Throwing
  1890 | D:3      | Reached XP level 5. HP: 36/47 MP: 4/4
  2492 | D:4      | Reached skill level 5 in Axes
  2492 | D:4      | Reached XP level 6. HP: 39/53 MP: 5/5
  2717 | D:4      | Reached skill level 5 in Armour
  2795 | D:4      | Reached skill level 5 in Fighting
  2795 | D:4      | Reached skill level 5 in Shields
  3032 | D:4      | Reached XP level 7. HP: 54/61 MP: 6/6
  3167 | D:4      | Noticed Natasha
  3173 | D:4      | Killed Natasha
  3174 | D:4      | Reached skill level 6 in Axes
  3226 | D:4      | Noticed Natasha
  3236 | D:4      | Killed Natasha
  3345 | D:4      | Found a staircase to the Ecumenical Temple.
  3352 | Temple   | Entered the Ecumenical Temple
  3400 | Temple   | Became a worshipper of Warmaster Okawaru
  3569 | D:4      | Noticed Natasha
  3574 | D:4      | Killed Natasha
  3584 | D:5      | Entered Level 5 of the Dungeon
  3799 | D:5      | Reached skill level 1 in Invocations
  3800 | D:5      | Reached * piety under Okawaru
  3983 | D:5      | Reached XP level 8. HP: 70/70 MP: 8/8
  3988 | D:5      | Reached skill level 7 in Axes
  4079 | D:5      | Found the +4 Cigotuvi's embrace {Corpsefed rMiasma Drain
                  | rN+}
  4563 | D:6      | Found Ipriw's Distillery.
  4709 | D:6      | Reached ** piety under Okawaru
  4719 | D:6      | Found a basalt altar of Yredelemnul.
  4722 | D:6      | Noticed a two-headed ogre
  4733 | D:6      | Killed a two-headed ogre
  4733 | D:6      | Reached *** piety under Okawaru
  4734 | D:6      | Reached skill level 8 in Axes
  4734 | D:6      | Reached XP level 9. HP: 37/78 MP: 3/10
  5278 | D:7      | Found a flagged portal.
  5442 | Bailey   | Entered a bailey
  5468 | Bailey   | Reached skill level 9 in Axes
  5473 | Bailey   | Received a gift from Okawaru
  5627 | Bailey   | Noticed an orc knight
  5643 | Bailey   | Killed an orc knight
  5644 | Bailey   | Reached skill level 5 in Throwing
  6024 | Bailey   | Found a large runed translucent door.
  6024 | Bailey   | Found a large runed translucent door.
  6025 | Bailey   | Noticed a deep elf pyromancer
  6082 | Bailey   | Killed a deep elf pyromancer
  6082 | Bailey   | Reached **** piety under Okawaru
  6083 | Bailey   | Reached skill level 10 in Axes
  6083 | Bailey   | Reached XP level 10. HP: 52/86 MP: 8/12
  6105 | Bailey   | Identified the +6 scale mail "Wugohos" {rF+ rC- Regen+}
  6354 | D:7      | Found a shimmering altar of Xom.
  6919 | D:8      | Identified the +6 scale mail "Jeijaus" {rF+ rN++ Int+3
                  | Slay+2}
  7015 | D:8      | Noticed a centaur warrior
  7029 | D:8      | Killed a centaur warrior
  7052 | D:8      | Found a snail-covered altar of Cheibriados.
  7052 | D:8      | Found a hazy altar of Hepliaklqana.
  7068 | D:8      | Found a blossoming altar of Fedhas.
  7071 | D:8      | Found a burning altar of Makhleb.
  7073 | D:8      | Found an ancient bone altar of Kikubaaqudgha.
  7276 | D:8      | Reached skill level 5 in Invocations
  7339 | D:8      | Found a sand-covered staircase.
  7382 | Ossuary  | Entered an ossuary
  7427 | Ossuary  | Reached ***** piety under Okawaru
  7483 | Ossuary  | Reached skill level 11 in Axes
  7641 | Ossuary  | Identified the +0 scale mail "Kuedwoq" {Str-3 Dex+5}
                  | (Okawaru gifted it to you in an ossuary)
  7641 | Ossuary  | Received a gift from Okawaru
  8180 | D:8      | Found Pipafipygg's Gadget Gallery.
  8468 | D:6      | Bought a potion of berserk rage for 60 gold pieces
  8468 | D:6      | Bought a potion of flight for 36 gold pieces
  8468 | D:6      | Bought a potion of resistance for 120 gold pieces
  8529 | D:9      | You are sucked into a shaft and drop 2 floors!
  8538 | D:11     | Noticed a boulder beetle
  8572 | D:11     | Killed a boulder beetle
  8637 | D:11     | Noticed a red ugly thing
  8638 | D:11     | Noticed a gargoyle
  8654 | D:11     | Killed a red ugly thing
  8655 | D:11     | Reached XP level 11. HP: 95/95 MP: 12/14
  8868 | D:11     | Found Gosuh's Assorted Antiques.
  8882 | D:11     | Bought a clear potion for 27 gold pieces
  9065 | D:10     | Entered Level 10 of the Dungeon
  9140 | D:10     | Found a staircase to the Lair.
  9140 | D:10     | Noticed Joseph
  9171 | D:10     | Killed Joseph
  9253 | D:10     | Reached skill level 12 in Axes
  9272 | D:10     | Noticed a necromancer
  9407 | D:9      | Found a staircase to the Orcish Mines.
  9711 | D:9      | Found a sparkling altar of Nemelex Xobeh.
  9916 | D:9      | Found a bloodstained altar of Trog.
 10126 | D:9      | Killed a necromancer
 10264 | D:10     | Noticed Josephine
 10330 | D:9      | Reached skill level 13 in Axes
 10378 | D:10     | Reached XP level 12. HP: 100/105 MP: 16/16
 10378 | Arena    | Entered the Arena
 10394 | Arena    | Killed Josephine
 10395 | Arena    | Reached skill level 10 in Armour
 10395 | Arena    | Reached skill level 10 in Shields
 10669 | D:10     | Reached skill level 10 in Fighting
 11335 | D:12     | Noticed Azrael
 11349 | D:12     | Killed Azrael
 11382 | D:12     | Found Hoven's Antique Armour Boutique.
 11384 | D:12     | Found Zaacafe's Book Emporium.
 11384 | D:12     | Found Yxzaojuh's Distillery.
 11389 | D:12     | Found Yttesoog's Distillery.
 11483 | D:12     | Identified the +0 leather armour of Nipn {-Cast rPois rN+}
 11752 | D:12     | Found a portal to a secret trove of treasure.
 12215 | D:13     | Noticed a centaur warrior
 12229 | D:12     | Gained mutation: You have a somewhat thin skeletal
                  | structure. (Dex +2, Stealth+) [a neqoxec]
 12258 | D:13     | Killed a centaur warrior
 12259 | D:13     | Reached skill level 14 in Axes
 12269 | D:13     | Noticed a centaur warrior
 12287 | D:13     | Noticed an ironbound preserver
 12461 | Lair:1   | Entered Level 1 of the Lair of Beasts
 12470 | Lair:1   | Received a gift from Okawaru
 12599 | Lair:1   | Noticed a death yak
 12599 | Lair:1   | Noticed a death yak
 12599 | Lair:1   | Noticed a death yak
 12599 | Lair:1   | Noticed a death yak
 12599 | Lair:1   | Noticed a death yak
 12609 | Lair:1   | Killed a death yak
 12622 | Lair:1   | Killed a death yak
 12626 | Lair:1   | Killed a death yak
 12629 | Lair:1   | Killed a death yak
 12636 | Lair:1   | Killed a death yak
 12818 | Lair:1   | Received a gift from Okawaru
 12850 | Lair:1   | Reached XP level 13. HP: 108/115 MP: 14/17
 13519 | Lair:2   | Found a staircase to the Shoals.
 13535 | Lair:2   | Reached skill level 15 in Axes
 13652 | Lair:2   | Found a staircase to the Snake Pit.
 13994 | Snake:1  | Entered Level 1 of the Snake Pit
 13994 | Snake:1  | Identified Roxanne's Commentary on the Gargoyle
 13994 | Snake:1  | Noticed Roxanne
 14079 | Lair:3   | Identified the +0 ring mail of Quantum Leap {Rampage Regen+
                  | MP+9 Str-3}
 14099 | Lair:3   | Identified the +0 robe "Gauchufo" {Harm rElec Regen+}
 14301 | Lair:3   | Reached ****** piety under Okawaru
 14822 | Lair:3   | Found a runed translucent door.
 14896 | Lair:3   | Found a runed translucent gate.
 14896 | Lair:3   | Identified the +0 hat of Modesty {rF+ rC+ Regen+}
 14902 | Lair:3   | Found a runed translucent gate.
 14904 | Lair:3   | Found a runed translucent gate.
 14904 | Lair:3   | Found a runed translucent gate.
 14904 | Lair:3   | Found a runed translucent gate.
 14904 | Lair:3   | Identified the +4 whip "Dimoimerch" {vamp, Dex+2}
 14905 | Lair:3   | Found a runed translucent gate.
 14935 | Lair:3   | Identified the +0 chain mail of Ymipheyn {rPois Str+8 Dex-3
                  | SInv} (Okawaru gifted it to you on level 3 of the Lair of
                  | Beasts)
 14935 | Lair:3   | Received a gift from Okawaru
 15207 | Lair:3   | Found a blossoming altar of Fedhas.
 15894 | Lair:4   | Found a staircase to the Slime Pits.
 15911 | Lair:4   | Reached skill level 16 in Axes
 16296 | Lair:5   | Entered Level 5 of the Lair of Beasts
 16322 | Lair:5   | Reached XP level 14. HP: 97/125 MP: 19/19
 16732 | Lair:5   | Received a gift from Okawaru
 16933 | Lair:5   | Identified the +0 pair of gloves of the Stag {Drain rPois
                  | Int+3 Stlth+} (Okawaru gifted it to you on level 5 of the
                  | Lair of Beasts)
 16933 | Lair:5   | Received a gift from Okawaru
 17770 | Orc:1    | Entered Level 1 of the Orcish Mines
 17843 | Orc:1    | Reached skill level 10 in Throwing
 17982 | Orc:1    | Reached skill level 17 in Axes
 17984 | Orc:1    | Gained mutation: You have hidden genetic defects. [a
                  | neqoxec]
 17987 | Abyss:1  | Found a corrupted altar of Lugonu.
 17987 | Abyss:1  | Cast into level 1 of the Abyss (orc warrior)
 18064 | Abyss:1  | Found a corrupted altar of Lugonu.
 18082 | Abyss:1  | Found a basalt altar of Yredelemnul.
 18082 | Abyss:1  | Found a snail-covered altar of Cheibriados.
 18082 | Abyss:1  | Found an iron altar of Okawaru.
 18082 | Abyss:1  | Found an ornate altar of the Wu Jian Council.
 18082 | Abyss:1  | Found a hide-covered altar of Uskayaw.
 18082 | Abyss:1  | Found an ancient bone altar of Kikubaaqudgha.
 18082 | Abyss:1  | Found a sparkling altar of Nemelex Xobeh.
 18082 | Abyss:1  | Found a hazy altar of Hepliaklqana.
 18082 | Abyss:1  | Found a burning altar of Makhleb.
 18082 | Abyss:1  | Found a radiant altar of Vehumet.
 18084 | Abyss:1  | Found a stormy altar of Qazlal.
 18086 | Abyss:1  | Found a bloodstained altar of Trog.
 18086 | Abyss:1  | Found a white marble altar of Elyvilon.
 18086 | Abyss:1  | Found a shadowy altar of Dithmenos.
 18088 | Abyss:1  | Found a broken altar of Ashenzari.
 18088 | Abyss:1  | Found an opulent altar of Gozag.
 18088 | Abyss:1  | Found a glowing golden altar of the Shining One.
 18088 | Abyss:1  | Found a shimmering altar of Xom.
 18090 | Abyss:1  | Found a blossoming altar of Fedhas.
 18090 | Abyss:1  | Found a shimmering blue altar of Sif Muna.
 18090 | Abyss:1  | Found a glowing golden altar of the Shining One.
 18099 | Abyss:1  | Found an ancient bone altar of Kikubaaqudgha.
 18107 | Abyss:1  | Noticed a tentacled starspawn
 18116 | Abyss:1  | Killed a tentacled starspawn
 18120 | Abyss:1  | Found a burning altar of Makhleb.
 18233 | Abyss:1  | Noticed a deep elf elementalist
 18235 | Arena    | Entered the Arena
 18238 | Arena    | Killed a deep elf elementalist
 18331 | Abyss:1  | Found a corrupted altar of Lugonu.
 18345 | Abyss:1  | Noticed a balrug
 18356 | Abyss:1  | Killed a balrug
 18379 | Abyss:1  | Gained mutation: You are weak. (Str -2) [hidden defects]
 18386 | Abyss:1  | Reached skill level 10 in Invocations
 18442 | Abyss:1  | Noticed a tentacled starspawn
 18450 | Abyss:1  | Killed a tentacled starspawn
 18451 | Abyss:1  | Reached XP level 15. HP: 99/134 MP: 16/21
 18455 | Orc:1    | Escaped the Abyss
 18669 | Orc:2    | Entered Level 2 of the Orcish Mines
 18983 | Orc:2    | Found Syddomuora's Distillery.
 18988 | Orc:2    | Found Loul Fuq's General Store.
 19016 | Orc:2    | Gained mutation: Armour fits poorly on your strangely
                  | shaped body. [hidden defects]
 19016 | Orc:2    | Lost mutation: You have hidden genetic defects. [hidden
                  | defects expressed]
 19020 | Orc:2    | Received a gift from Okawaru
 19052 | Orc:2    | Bought a potion of heal wounds for 65 gold pieces
 19054 | Orc:2    | Bought a scroll of torment for 133 gold pieces
 19175 | Orc:2    | Reached skill level 18 in Axes
 19177 | Orc:2    | Received a gift from Okawaru
 19239 | Orc:2    | Received a gift from Okawaru
 19270 | Orc:2    | Found Voor's Book Boutique.
 19270 | Orc:2    | Found Furroby's Antique Armour Shop.
 19271 | Orc:2    | Found a one-way gate leading to the halls of Pandemonium.
 19275 | Orc:2    | Bought a pair of faintly humming gloves for 237 gold pieces
 19275 | Orc:2    | Identified the +1 pair of gloves of the Serpent {rPois}
                  | (You bought it in a shop on level 2 of the Orcish Mines)
 19412 | Orc:2    | Found a shimmering blue altar of Sif Muna.
 19534 | Orc:2    | Found Maagergh's Jewellery Emporium.
 19540 | Orc:2    | Received a gift from Okawaru
 19563 | Orc:2    | Bought an amulet of reflection for 330 gold pieces
 19596 | Orc:2    | Found a staircase to the Elven Halls.
 19777 | Orc:1    | Found Xodut's Antique Armour Shoppe.
 20289 | D:13     | Received a gift from Okawaru
 20309 | D:13     | Found a gate to the Vaults.
 20439 | D:13     | Found a sacrificial altar of Ru.
 20585 | D:13     | Noticed a fire giant
 20598 | D:13     | Killed a fire giant
 20675 | D:13     | Noticed Rupert
 20688 | D:13     | Killed Rupert
 21156 | D:14     | Identified the orb of the Twenty Teeth {mayhem, -Cast +Inv
                  | rN+}
 21170 | D:14     | Noticed Kirke
 21173 | D:14     | Noticed Nessos
 21188 | D:14     | HP: 5/138 [hog[Kirke] (3)]
 21188 | D:14     | Slain by Kirke

Illustrated notes

Levels and vault maps discovered:
D:1:      psy_arrival_fountain, layout_basic,
          dreamdust_ecumenical_altar_statues, minmay_surrounded
D:2:      layout_basic, hangedman_abyss_or_decor_stabs
D:3:      layout_basic
D:4:      layout_basic, minmay_temple_entry_butterflies, uniq_natasha
D:5:      layout_basic, chequers_serial_rivers_small_3
D:6:      layout_loops_ring, nicolae_overflow_crystal_walls, serial_shops,
          nicolae_take_the_stairs
D:7:      layout_basic, led_xom_imps, enter_bailey_3
D:8:      layout_basic, chequers_temple_overflow_minitemple, enter_ossuary_3,
          nicolae_shop_gadgets
D:9:      layout_loops_cross, nemelex_diamond_rough_becter, lemuel_tele_altar,
          david_orc_4
D:10:     hangedman_screamer, layout_rooms, dpeg_oklobed_lair,
          minmay_misc_feat_plants, uniq_joseph
D:11:     layout_stronghold, serial_shops, nicolae_stop_n_shop_2,
          glass_columns_a, minmay_starry_boxes
D:12:     layout_basic, nicolae_trove_entry_isolated, grunt_decor_resistance,
          nicolae_wooded_promenade, uniq_azrael
D:13:     minmay_firetagon, layout_irregular_city,
          skrybe_vaults_entry_preservation, serial_demonic, serial_demonic_a,
          serial_demonic_e, serial_demonic_d, serial_demonic_e,
          serial_demonic_b, serial_demonic_d, serial_demonic_g,
          serial_demonic_b, serial_demonic_e, serial_demonic_g, minmay_holes,
          hangedman_ru_absence, uniq_rupert
D:14:     layout_gridville, hangedman_decor_clover_reticule, uniq_kirke,
          uniq_nessos, uniq_agnes
Temple:   nicolae_temple_god_jail
Lair:1:   layout_roguey
Lair:2:   layout_loops_ring, minmay_shoals_entry_beasts,
          guppyfry_snake_entry_island, pond, grunt_megastairs_5
Lair:3:   gammafunk_indiana_jones, layout_layer_cave, tgw_fedhas
Lair:4:   layout_gridlike, minmay_slime_entry_jelly_boxes, lemuel_another_geyser
Lair:5:   guppyfry_lair_end_dragon, layout_regular_city,
          hangedman_lair_caniforms_friends, st_stairs_11
Snake:1:  layout_cave_shapes, portal_ice_cave_entry_pillars_1,
          grunt_megastairs_2, minmay_shoptagon, uniq_roxanne, uniq_asterion
Orc:1:    layout_caves, serial_shops, shop_fountains, kennysheep_orc_chapel
Orc:2:    pf_orc_diabolical, layout_caves, serial_shops, shop,
          nicolae_orc_damp_corner, kennysheep_orc_sif_temple

Skill      XL: |  1  2  3  4  5  6  7  8  9 10 11 12 13 14 15 |
---------------+----------------------------------------------+-----
Axes           | 3 4 5 6 8 10 11 13 14 16 17 18 | 18.0
Armour         | 4 5 6 7 8 9 10 11 13 14 | 14.3
Shields        | 4 5 6 7 8 9 11 12 13 14 | 14.3
Fighting       | 4 5 6 7 8 9 10 11 12 14 | 14.2
Throwing       | 1 2 4 5 6 7 8 9 10 | 10.0
Invocations    | 1 3 4 5 6 7 8 10 11 | 11.3

Action                     |  1- 3 |  4- 6 |  7- 9 | 10-12 | 13-15 || total
---------------------------+-------+-------+-------+-------+-------++-------
  Melee: War axe           |    82 |   110 |   214 |   660 |    43 ||  1109
         Headbutt          |    11 |    18 |    33 |   162 |   209 ||   433
         Unarmed           |       |       |       |     2 |    10 ||    12
         Broad axe         |       |       |       |       |   844 ||   844
         Battleaxe         |       |       |       |       |    25 ||    25
  Throw: Dart              |       |     6 |     2 |     8 |     6 ||    22
         Boomerang         |       |       |       |       |     8 ||     8
 Invoke: Heroism           |       |       |     2 |     6 |     7 ||    15
         Duel              |       |       |       |     1 |     1 ||     2
         Finesse           |       |       |       |       |     5 ||     5
    Use: Scroll            |     2 |     8 |     4 |    19 |     3 ||    36
         Potion            |       |     3 |       |     1 |     5 ||     9
 Armour: Scale mail        |    45 |    18 |       |   633 |   648 ||  1344
         Ring mail         |       |    38 |   116 |       |       ||   154
         Plate armour      |       |       |    12 |       |       ||    12
  Dodge: Dodged            |    39 |    37 |   101 |   301 |   416 ||   894
  Block: Buckler           |    22 |     7 |       |       |       ||    29
         Kite shield       |       |    25 |   124 |   485 |   897 ||  1531

Table legend: (Time is in decaauts)
 A = Elapsed time spent in this place.
 B = Non-inter-level travel time spent in this place.
 C = Inter-level travel time spent in this place.
 D = Time resting spent in this place.
 E = Time spent auto-exploring this place.
 F = Levels seen in this place.
 G = Mean time per level.
                   A        B        C        D        E       F      G
               +--------+--------+--------+--------+--------+-----+--------+
         Total |  21437 |  20076 |   1361 |    912 |  10340 |  29 |  739.2 |
       Dungeon |  12557 |  11638 |    919 |    385 |   6749 |  14 |  896.9 |
        Temple |     65 |     49 |     16 |      0 |      0 |   1 |   65.0 |
          Lair |   5329 |   5069 |    260 |     90 |   2898 |   5 | 1065.8 |
     Snake Pit |      1 |      1 |      0 |      0 |      0 |   1 |    1.0 |
  Orcish Mines |   1826 |   1661 |    165 |     34 |    613 |   2 |  913.0 |
         Abyss |    466 |    466 |      0 |     61 |      0 |   2 |  233.0 |
       Ossuary |    348 |    348 |      0 |     27 |     21 |   1 |  348.0 |
        Bailey |    784 |    784 |      0 |    315 |     59 |   1 |  784.0 |
         Arena |     58 |     58 |      0 |      0 |      0 |   2 |   29.0 |
               +--------+--------+--------+--------+--------+-----+--------+

Top non-repeatable levels by time:
  Lair:3: 1508 daAuts
  Lair:5: 1339 daAuts
     D:4: 1275 daAuts
    D:12: 1214 daAuts
   Orc:2: 1197 daAuts
     D:8: 1153 daAuts
    D:13: 1053 daAuts
     D:9: 1039 daAuts
     D:7: 1005 daAuts
    D:11: 955 daAuts
     D:1: 919 daAuts
  Lair:2: 892 daAuts
  Lair:4: 874 daAuts
     D:6: 866 daAuts
     D:5: 849 daAuts
